Map: Coda EC

Players

Topin - Winner!

  • Race: Terran Terran

AgCl

  • Race: Protoss Protoss

VOD

Have the link to the VOD?

Description

Time

  • Played on: May 12, 2015, 10:15 p.m.
  • Length: 5:33
Show
View Real Time Build Order
Export as new Build Order

Topin Terran - Winner!

Build Orders: 1/1/1 

Get SALT Encoding   

  12  0:00  SCV  
  13  0:13  SCV  
  14  0:18  Supply Depot  
  14  0:25  SCV  
  15  0:30  Refinery  
  15  0:40  SCV  
  16  0:45  Barracks  
  16  0:52  SCV  
  17  1:04  SCV  
  18  1:16  SCV  
  19  1:33  Orbital Command  
  19  1:35  Marine  
  19  1:36  Factory  
  20  1:42  Engineering Bay  
  20  1:53  Supply Depot, Marine  
  21  1:59  SCV  
  22  2:11  SCV  
  22  2:14  Marine  
  24  2:20  Widow Mine  
  24  2:21  Starport  
  26  2:28  SCV  
  27  2:32  Supply Depot, Marine  
  28  2:48  Widow Mine  
  28  2:50  Marine  
  31  2:54  SCV  
  32  3:08  SCV  
  32  3:09  Command Center  
  32  3:11  Medivac  
  35  3:23  Supply Depot  
  35  3:29  SCV  
  35  3:30  Supply Depot  
  36  3:37  Refinery, Marine  
  36  3:41  SCV  
  38  3:54  SCV  
  38  3:55  Factory Tech Lab, Marine  
  39  4:00  Barracks  
  40  4:06  SCV  
  41  4:17  Medivac  
  41  4:18  SCV  
  41  4:21  Marine  
  41  4:24  Orbital Command  
  45  4:30  SCV  
  46  4:32  Bunker  
  46  4:40  Marauder  
  46  4:42  SCV  
  46  4:43  Orbital Command  
  49  4:49  Marine  
  49  4:56  Barracks  
  49  4:58  SCV  
  50  5:00  Marine  
  50  5:04  Engineering Bay  
  50  5:06  Marine  
  52  5:10  SCV  
Show
View Real Time Build Order
Export as new Build Order

AgCl Protoss 

Build Orders:  

Get SALT Encoding   

  12  0:17  Pylon  
  12  0:30  Probe (Chrono Boost)  
  12  0:34  Assimilator  
  13  0:41  Gateway  
  14  0:42  Probe (Chrono Boost)  
  14  0:51  Probe (Chrono Boost)  
  15  1:00  Probe  
  16  1:09  Pylon  
  16  1:12  Probe  
  17  1:24  Probe  
  18  1:29  Zealot (Chrono Boost)  
  18  1:31  Cybernetics Core  
  20  1:39  Probe (Chrono Boost), Assimilator  
  21  1:49  Probe (Chrono Boost)  
  22  1:56  Probe  
  23  2:09  Robotics Facility  
  23  2:11  Pylon  
  23  2:12  Warp Gate (Chrono Boost)  
  23  2:16  Probe  
  24  2:28  Probe  
  24  2:40  Probe  
  25  2:53  Gateway  
  25  2:54  Probe  
  25  2:55  Gateway  
  25  2:57  Observer (Chrono Boost)  
  25  3:06  Mothership Core, Adept  
  29  3:22  Gateway  
  29  3:27  Pylon  
  29  3:38  Immortal (Chrono Boost)  
  33  4:07  Forge  
  35  4:10  Warp Prism (Chrono Boost)  
  35  4:35  Pylon  
  35  4:37  Observer  
  28  5:11  Adept x4  
Tags
 
Matchup
PvT
Opening
1/1/1
Add a new tag
Caveats
  • Supply blocks, unpowered buildings, or Contaminate may cause inaccurate times.
  • Supply counts are checked every 10 seconds.